 Dungeon Crawl Stone Soup version 0.29.0-4-gdea44cf6ec (webtiles) character file.

Game seed: 7666918703526398055

74 sanka the Magician (level 4, -1/32 HPs)
             Began as a Djinni Arcane Marksman on Aug 27, 2022.
             Slain by Terence
             ... wielding a +0 trident
              (11 damage)
             ... on level 3 of the Dungeon.
             The game lasted 00:02:24 (1727 turns).

sanka the Magician (Djinni Arcane Marksman)         Turns: 1727, Time: 00:02:24

Health: -1/32      AC:  2    Str:  9    XL:     4   Next: 54%
Gold:   127        EV: 12    Int: 17    God:
                   SH:  0    Dex: 13

rFire   + + .      SeeInvis .   a - +1 sling
rCold   . . .      Faith    .   (no shield)
rNeg    . . .      Spirit   .   c - +0 robe
rPois   ∞          Reflect  .   (no helmet)
rElec   .          Harm     .   (no cloak)
rCorr   .          Rampage  .   (no gloves)
Will    .....                   (boots unavailable)
Stlth   +.........              (no amulet)
HPRegen 0.10/turn               (no ring)
MPRegen 0.00/turn               m - ring of protection from cold

@: flying
A: sickness immunity, fire resistance 2, cold vulnerability 1, float, innate
caster, HP casting, extra vitality 1
a: no special abilities


You were on level 3 of the Dungeon.
You visited 1 branch of the dungeon, and saw 3 of its levels.

You collected 127 gold pieces.


Innate Abilities, Weirdness & Mutations

You are immune to sickness and miasma.
You are immune to poison.
Your flesh is very heat resistant. (rF++)
You are vulnerable to cold. (rC-)
You float through the air rather than walking.
You learn spells naturally, not from books.
Your magical power is your life essence.
You have superior vitality. (+4 MHP)


   Skills:
 - Level 1.0 Fighting
 - Level 1.5 Ranged Weapons
 - Level 2.1 Dodging
 + Level 3.9 Spellcasting


You couldn't memorise any spells.
You knew the following spells:

 Your Spells              Type           Power      Damage    Failure   Level
c - Portal Projectile     Hex/Tloc       32%        N/A       10%         3
x - Inner Flame           Hex/Fire       16%        N/A       10%         3
y - Summon Small Mammal   Summ           64%        N/A       3%          1
z - Slow                  Hex            64%        N/A       3%          1
Q - Cause Fear            Hex            8%         N/A       30%         4
Your spell library was empty.

Inventory:

Hand Weapons
 a - a +1 sling (weapon)
Missiles
 i - 2 throwing nets {=f}
Armour
 c - a +0 robe (worn)
Jewellery
 m - a ring of protection from cold (right hand)
Wands
 l - a wand of charming (12)
Scrolls
 b - a scroll of poison
 d - 3 scrolls of butterflies {unknown}
 e - 2 scrolls of identify {unknown}
 f - 2 scrolls of teleportation {unknown}
 g - a scroll of noise {unknown}
 k - a scroll of fear {unknown}
Potions
 h - 2 potions of curing {unknown}
 j - a potion of invisibility {unknown}

Dungeon Overview and Level Annotations

Branches:
Dungeon (3/15)

Altars:
Elyvilon

Annotations:
D:3 Terence

▒. ...▒.▒▒.... .▒▒.▒▒▒▒▒.....
....▒. ▒........▒ ........>....▒
...... ▒.....▒▒.▒ ▒.........▒▒▒▒
.....@ ▒.....▒▒.▒ ▒.........▒
...... ▒.....▒▒.▒ ▒.........▒
...... ▒.....▒▒.▒ ▒.........▒
...... ▒▒.▒.▒▒▒.▒ ▒.........▒▒▒▒
......▒▒▒▒.▒.▒▒▒.▒▒▒▒......▒.....
...........▒....R..........▒▒▒▒▒.
▒▒▒▒^▒▒▒▒.....@..).........▒ ▒▒
.. ▒.....rr...........▒ ▒..
▒.................[▒▒▒▒ ▒.
▒.....................▒ ^
▒..................▒▒▒▒
▒..................▒
▒.▒................▒
▒.▒▒...............▒


You could see Terence (slow, ally target) and 2 friendly rats.


Message History

Terence bares his teeth.
Your rat bites Terence but does no damage.
You shoot a sling bullet.
The sling bullet closely misses Terence.
Your rat bites Terence but does no damage.
Your rat bites Terence but does no damage.
Terence hits you from afar with a +0 trident!
* * * LOW HITPOINT WARNING * * *
You shoot a sling bullet. The sling bullet hits Terence.
Terence is severely wounded.
Your rat barely misses Terence.
Your rat bites Terence but does no damage.
Terence shouts, "Get ready for death!"
Terence closely misses you.
You shoot a sling bullet.
The sling bullet completely misses Terence.
Your rat bites Terence.
Your rat bites Terence but does no damage.
Your rat barely misses Terence.
Your rat bites Terence.
You shoot a sling bullet.
The sling bullet hits Terence but does no damage.
Terence is almost dead.
Your rat barely misses Terence.
Your rat bites Terence but does no damage.
You shoot a sling bullet. The sling bullet barely misses Terence.
Terence hits you from afar with a +0 trident!
You die...

Action                   |  1- 3 |  4- 6 || total
-------------------------+-------+-------++-------
 Fire: Sling             |   104 |    47 ||   151
 Cast: Summon Small Mamm |       |     2 ||     2
       Slow              |       |     1 ||     1
Armor: Robe              |     9 |     3 ||    12
Dodge: Dodged            |    41 |    17 ||    58

Levels and vault maps discovered:
D:1:      dpeg_arrival_boxes_within_box, layout_basic,
          nicolae_concentric_dashed_squares_wild
D:2:      layout_basic
D:3:      layout_rooms, elyvilon_altar_1, lemuel_tele_altar,
          shapermc_ecumenical_altar_mp_vishouse, kennysheep_generic_room_11,
          uniq_terence

Notes
Turn   | Place    | Note
-------+----------+-------------------------------------------
     0 | D:1      | sanka the Djinni Arcane Marksman began the quest for the
                  | Orb.
     0 | D:1      | sanka set off with the following spells memorised: Slow,
                  | Inner Flame, Portal Projectile, Cause Fear.
     0 | D:1      | Reached XP level 1. HP: 17/17 MP: 0/0
    84 | D:1      | Reached XP level 2. HP: 22/22 MP: 0/0
   229 | D:1      | Reached skill level 3 in Spellcasting
   406 | D:1      | Reached XP level 3. HP: 27/27 MP: 0/0
   406 | D:1      | Learned a level 1 spell: Summon Small Mammal
  1209 | D:2      | Reached XP level 4. HP: 32/32 MP: 0/0
  1568 | D:3      | Found a white marble altar of Elyvilon.
  1701 | D:3      | Noticed Terence
  1727 | D:3      | Slain by Terence

Vanquished Creatures
  4 adders
  A dart slug (D:1)
  An orc (D:3)
  2 ball pythons (D:1)
  2 endoplasms
  A giant cockroach (D:1)
  5 goblins
  5 hobgoblins
  3 quokkas
  4 bats
  A frilled lizard (D:1)
  5 kobolds
  A rat (D:1)
35 creatures vanquished.
